 Dungeon Crawl Stone Soup version 0.27.1 (webtiles) character file.

Game seed: 16554343411986569382

2870 MajorAdolf the Destroyer (level 9, -2/68 HPs)
             Began as a Naga Wanderer on Aug 23, 2021.
             Was an Initiate of Vehumet.
             Slain by a killer bee (5 damage)
             ... on level 8 of the Dungeon.
             The game lasted 00:29:07 (15089 turns).

MajorAdolf the Destroyer (Naga Wanderer)           Turns: 15089, Time: 00:29:08

Health: -2/68      AC:  5    Str: 14    XL:     9   Next: 76%
Magic:  1/9        EV:  9    Int: 18    God:    Vehumet [......]
Gold:   282        SH:  0    Dex:  9    Spells: 5/8 levels left

rFire    + . .     SeeInvis +   p - +6 dagger
rCold    + . .     Faith    .   (no shield)
rNeg     . . .     Spirit   .   b - +0 robe
rPois    +         Reflect  .   (no helmet)
rElec    .         Harm     .   y - scarf {rC+ rF+}
rCorr    .         Rampage  .   x - +0 pair of gloves
Will     +....                  (no barding)
Stlth    +.........             (no amulet)
HPRegen  0.21/turn              w - ring of flight
MPRegen  0.11/turn              (no ring)

@: short of breath, flying, very slow
A: AC +3, large, see invisible, deformed body, poison resistance, slowness 2,
spit poison 1, naga tail 1
a: Spit Poison, Renounce Religion


You were on level 8 of the Dungeon.
You worshipped Vehumet.
Vehumet was noncommittal.
You visited 2 branches of the dungeon, and saw 9 of its levels.

You collected 282 gold pieces.

Inventory:

Hand Weapons
 a - a +0 club
 e - a +1 short sword of freezing
 g - a +0 hunting sling
 p - a +6 dagger (weapon)
Missiles
 h - 272 stones
 m - 5 sling bullets
Armour
 b - a +0 robe (worn)
 c - a +0 buckler
 x - a +0 pair of gloves (worn)
 y - a scarf of resistance (worn)
Jewellery
 w - a ring of flight (left hand)
Scrolls
 d - a scroll of holy word {unknown}
 f - 2 scrolls of identify
 j - a scroll of enchant armour
 l - 3 scrolls of magic mapping
 n - 2 scrolls of amnesia
 o - 2 scrolls of noise {unknown}
 r - a scroll of enchant weapon {unknown}
 t - a scroll of silence {unknown}
 u - a scroll of fog {unknown}
 z - a scroll of vulnerability {unknown}
Potions
 i - 6 potions of curing {unknown}
 k - 2 potions of heal wounds {unknown}
 q - a potion of brilliance {unknown}
 s - a potion of invisibility {unknown}
 v - 2 potions of resistance {unknown}


   Skills:
 - Level 3.0 Long Blades
 - Level 1.5 Stealth
 - Level 1.0 Shields
 + Level 9.9 Conjurations
 - Level 3.0 Air Magic
 + Level 8.5 Earth Magic
 - Level 2.6 Poison Magic


You had 5 spell levels left.
You knew the following spells:

 Your Spells              Type           Power      Damage    Failure   Level
a - Stone Arrow           Conj/Erth      66%        3d11      1%          3

Your spell library contained the following spells:

 Spells                   Type           Power      Damage    Failure   Level
 Sandblast                Erth           60%        2d14      1%          1
 Mephitic Cloud           Conj/Pois/Air  18%        N/A       8%          3
 Poisonous Vapours        Pois/Air       20%        N/A       11%         2
 Sting                    Tmut/Pois      16%        1d3       13%         1
 Animate Skeleton         Necr           0%         N/A       22%         1
 Pain                     Necr           0%         1d4       22%         1
 Blink                    Tloc           N/A        N/A       32%         2
 Ensorcelled Hibernation  Hex/Ice        0%         N/A       32%         2
 Slow                     Hex            0%         N/A       32%         2
 Spider Form              Tmut/Pois      2%         N/A       36%         3
 Confusing Touch          Hex            0%         N/A       54%         3
 Lesser Beckoning         Tloc           0%         N/A       54%         3
 Vampiric Draining        Necr           0%         2d6       54%         3
 Olgreb's Toxic Radiance  Pois           9%         N/A       58%         4
 Manifold Assault         Tloc           0%         N/A       99%         5
 Yara's Violent Unravell  Hex/Tmut       0%         3d3       99%         5
 Shadow Creatures         Summ           N/A        N/A       100%        6


Dungeon Overview and Level Annotations

Branches:
Dungeon (8/15)             Temple (1/1) D:6
   Lair: D:8-11

Altars:
Ashenzari
Cheibriados
Elyvilon
Fedhas
Gozag
Hepliaklqana
Kikubaaqudgha
Makhleb
Nemelex Xobeh
Okawaru
Qazlal
Ru
Sif Muna
Trog
Uskayaw
Vehumet
Wu Jian
Xom
Yredelemnul
Zin
The Shining One

Shops:
D:1 ?

Annotations:
D:2 1 runed translucent door, Crazy Yiuf
D:7 Joseph
D:8 Maurice


Innate Abilities, Weirdness & Mutations

Your serpentine skin is tough. (AC +3)
You have supernaturally acute eyesight. (SInv)
Armour fits poorly on your strangely shaped body.
Your system is resistant to poisons. (rPois)
You cover ground very slowly.
You can spit poison.
You have a snake-like lower body.


Message History

The killer bee closely misses you.
You barely miss the killer bee.
The killer bee is almost dead.
The killer bee barely misses you. x2
Unknown command.
Unknown command.
You hit the killer bee but do no damage.
The killer bee is almost dead.
The killer bee stings you. x2
You puncture the killer bee!
You kill the killer bee!
Vehumet accepts your kill. The killer bee barely misses you.
Unknown command.
Casting: Stone Arrow (safe; 1% risk of failure)
Confirm with . or Enter, or press ? or * to list all spells.
Aiming: Stone Arrow (safe; 1% risk of failure)
Press: ? - help, Shift-Dir - straight line, f - killer bee
Aim: a killer bee (48% to hit)
The stone arrow hits the killer bee!
The killer bee is severely wounded.
The killer bee stings you. x2
* * * LOW HITPOINT WARNING * * *
You hit the killer bee.
The killer bee is almost dead.
The killer bee closely misses you.
Unknown command.
Okay, then.
You closely miss the killer bee.
The killer bee is almost dead.
You have got your breath back.
The killer bee stings you!
* * * LOW HITPOINT WARNING * * *
The killer bee stings you!
* * * LOW HITPOINT WARNING * * *
Press: ? - help, Shift-Dir - straight line, f/p - killer bee
Aim: a killer bee (almost dead)
The splash of poison misses the killer bee.
The killer bee stings you.
You die...

.............# #..
..#..........# #y#
.....#.......# #.#
...#.#...)...###y#
........#.....<#.# #
.#....#.#.######.# .#
######.#.# #†# .#
.....#.######'#+#.#
........@y......>..#
#######.##.........#.#
#.##...........#
#.##........####
#.##..........
#.##........###
#.............
#############. ..


You could see a killer bee.

Vanquished Creatures
  A two-headed ogre (D:8)
  A hornet zombie (D:7)
  A sky beast (D:6)
  A necrophage (D:7)
  An orc warrior (D:7)
  A black bear (D:7)
  An ice beast (D:7)
  An ogre (D:4)
  A kobold brigand (D:8)
  3 bullfrogs
  4 scorpions
  A water moccasin zombie (D:5)
  A wyvern skeleton (D:6)
  2 jellies
  3 killer bees (D:8)
  5 wights (D:7)
  3 orc priests (D:5)
  3 bullfrog skeletons
  An iguana (D:7)
  4 orc wizards
  2 hound skeletons (D:4)
  A howler monkey skeleton (D:4)
  10 adders
  A white imp (D:6)
  3 ufetubi
  3 worms
  3 dart slugs
  11 orcs
  8 endoplasms
  4 giant cockroaches
  14 hobgoblins
  3 jackals (D:1)
  3 quokkas
  5 ball pythons
  5 bats
  8 frilled lizards
  10 goblins
  13 kobolds
  4 rats (D:1)
150 creatures vanquished.

Vanquished Creatures (others)
  28 plants (D:8)
28 creatures vanquished.

Grand Total: 178 creatures vanquished

Notes
Turn   | Place    | Note
-------+----------+-------------------------------------------
     0 | D:1      | MajorAdolf the Naga Wanderer began the quest for the Orb.
     0 | D:1      | MajorAdolf set off with the following items: a +0 club, a
                  | +0 robe, a +0 buckler; and the following spells available
                  | to memorise: Poisonous Vapours, Sting, Sandblast, Mephitic
                  | Cloud, Stone Arrow, Olgreb's Toxic Radiance
     0 | D:1      | Reached XP level 1. HP: 15/15 MP: 1/1
   153 | D:1      | Reached skill level 1 in Conjurations
   153 | D:1      | Reached skill level 1 in Earth Magic
   153 | D:1      | Reached XP level 2. HP: 22/22 MP: 2/2
   513 | D:1      | Found Manatyfu's Magic Scroll Emporium.
   909 | D:1      | Reached XP level 3. HP: 28/28 MP: 3/3
  1117 | D:1      | Reached skill level 2 in Conjurations
  2245 | D:2      | Reached XP level 4. HP: 24/36 MP: 4/4
  2554 | D:2      | Found a faded altar of an unknown god.
  2597 | D:2      | Learned a level 3 spell: Stone Arrow
  3354 | D:2      | Reached skill level 3 in Conjurations
  3753 | D:2      | Found a runed translucent door.
  3754 | D:2      | Noticed Crazy Yiuf
  4471 | D:3      | Reached XP level 5. HP: 42/42 MP: 5/5
  4518 | D:3      | Found an ancient bone altar of Kikubaaqudgha.
  4518 | D:3      | Found a snail-covered altar of Cheibriados.
  5184 | D:4      | Reached skill level 4 in Conjurations
  5932 | D:4      | Noticed an ogre
  5940 | D:4      | Killed an ogre
  5941 | D:4      | Reached XP level 6. HP: 28/49 MP: 2/6
  6228 | D:4      | Reached skill level 5 in Conjurations
  6472 | D:4      | Identified the +0 chain mail "Dosae" {Dex+4 Slay+2}
  6891 | D:5      | Entered Level 5 of the Dungeon
  7149 | D:5      | Reached XP level 7. HP: 55/55 MP: 3/7
  7501 | D:5      | Found an ornate altar of the Wu Jian Council.
  7772 | D:5      | Reached skill level 6 in Conjurations
  8744 | D:6      | Reached skill level 5 in Earth Magic
  8911 | D:6      | Reached XP level 8. HP: 48/62 MP: 1/8
  9063 | D:6      | Reached skill level 7 in Conjurations
  9587 | D:6      | Found a staircase to the Ecumenical Temple.
  9598 | Temple   | Entered the Ecumenical Temple
  9888 | Temple   | Became a worshipper of Vehumet
 10483 | D:7      | Noticed Joseph
 11078 | D:7      | Reached skill level 8 in Conjurations
 12945 | D:7      | Reached XP level 9. HP: 68/68 MP: 2/9
 13660 | D:7      | Reached skill level 9 in Conjurations
 14269 | D:8      | Noticed Maurice
 14965 | D:8      | Noticed a two-headed ogre
 14972 | D:8      | Killed a two-headed ogre
 15088 | D:8      | HP: 3/68 [killer bee (7)]
 15089 | D:8      | Slain by a killer bee

Illustrated notes

Levels and vault maps discovered:
D:1:      amcnicky_arrival_wind_blow, layout_loops_ring, serial_shops, shop,
          minmay_lizard_pond
D:2:      layout_basic, dreamdust_ecumenical_altar_hidden_monk_grotto,
          grunt_ministairs_11, uniq_crazy_yiuf_cottage
D:3:      layout_basic, gammafunk_temple_overflow_elements,
          minmay_misc_feat_roman
D:4:      layout_layer_cave, kennysheep_flooded_box, minmay_bisected
D:5:      layout_basic, pdpol_wu_jian_five_deadly_venoms
D:6:      layout_basic, minmay_temple_entry_sparse_star,
          kennysheep_generic_room_11
D:7:      layout_basic, minmay_fractal_squares_gapless_5, uniq_joseph
D:8:      layout_basic, serial_bayou_lake_a, uniq_maurice
Temple:   dpeg_five_rooms_temple

Skill      XL: |  1  2  3  4  5  6  7  8  9 |
---------------+----------------------------+-----
Conjurations   | 1 2 3 4 5 6 8 9 |  9.9
Earth Magic    | 1 2 3 5 7 8 |  8.5
Long Blades    | |  3.0
Stealth        | |  1.5
Shields        | |  1.0
Air Magic      | |  3.0
Poison Magic   | |  2.6

Action                   |  1- 3 |  4- 6 |  7- 9 || total
-------------------------+-------+-------+-------++-------
Melee: Club              |    16 |       |       ||    16
       Short sword       |    51 |     3 |       ||    54
       Dagger            |       |    17 |    53 ||    70
 Fire: Hunting sling     |       |    95 |       ||    95
 Cast: Stone Arrow       |       |    13 |    85 ||    98
 Abil: Spit Poison       |    47 |    32 |    11 ||    90
  Use: Scroll            |       |       |     5 ||     5
Armor: Robe              |    21 |    14 |    23 ||    58
Dodge: Dodged            |    29 |    46 |    55 ||   130
Block: Buckler           |     9 |       |       ||     9
